Cogmind - Beta 15 @@@ ROGUE MODE // 2025.10.18 @ 21:11:13 Player: Kappa Result: Destroyed by G-47 Trooper with Particle Gun Performance ------------- Evolutions (0) 0 Regions Visited (1) 200 Robots Destroyed (26) 130 Value Destroyed (388) 388 Prototype IDs (4) 80 Alien Tech Used (0) 0 Bonus (0) 0 TOTAL SCORE: 798 Bonus ------- None Cogmind --------- Core Integrity 0/250 Matter 280/300 Energy 120/250 System Corruption 1% Temperature Cool (9) Movement Rolling (80) Location -10/Materials Parts ------- > --- POWER (1) -------- Ion Engine > --- PROPULSION (2) --- Wheel Wheel > --- UTILITY (2) ------ Machine Analyzer Light Armor Plating > --- WEAPON (2) ------- (None) > --- INVENTORY (5) ---- Aluminum Leg High-capacity Storage Unit Medium Matter Pod (100) Structural Scanner Improved Terrain Scanner Peak State ------------ > --- POWER ------------ Light Nuclear Core > --- PROPULSION ------- Light Treads Light Treads > --- UTILITY ---------- Medium Matter Pod Tractor Beam > --- WEAPON ----------- Medium Laser Light Assault Rifle > --- INVENTORY -------- Ion Engine Small Storage Unit Improved Terrain Scanner [Rating: 9] Favorites ----------- Power Light Nuclear Core Engine Ion Engine Power Core Light Nuclear Core Propulsion Light Treads Treads Light Treads Leg Aluminum Leg Wheel Wheel Utility Tractor Beam Device Tractor Beam Storage Medium Matter Pod Processor Machine Analyzer Protection Light Armor Plating Weapon Medium Laser Energy Gun Medium Laser Ballistic Gun Light Assault Rifle Special Weapon Mining Laser Build | -11 -10 ------- Run | Yrd Mat Slots Evolved . | . . Power . | . . Propulsion . | . . Utility . | . . Weapon . | . . Parts Attached 18 | 9 9 Power 3 | 1 2 Engine 2 | 1 1 Core 1 | . 1 Reactor . | . . Propulsion 5 | 2 3 Treads 2 | 2 . Leg 1 | . 1 Wheel 2 | . 2 Hover . | . . Flight . | . . Utility 7 | 3 4 Device 2 | 1 1 Storage 3 | 2 1 Processor 1 | . 1 Hackware . | . . Protection 1 | . 1 Artifact . | . . Weapon 3 | 3 . Energy Gun 1 | 1 . Energy Cannon . | . . Ballistic Gun 1 | 1 . Ballistic Cannon . | . . Launcher . | . . Special Weapon 1 | 1 . Impact Weapon . | . . Slashing Weapon . | . . Piercing Weapon . | . . Special Melee Weapon . | . . Unidentified Prototypes . | . . Parts Lost 8 | . 8 Power 2 | . 2 Propulsion 2 | . 2 Utility 1 | . 1 Weapon 3 | . 3 Highest Loss Streak 3 | . 3 To Critical Strikes . | . . Average Backups 2 | 1 3 Power . | . . Propulsion . | . . Utility 1 | 1 2 Weapon . | . . Tool/Special . | . . Unused Backups 1 | . 1 Power . | . . Propulsion . | . . Utility 1 | . 1 Weapon . | . . Tool/Special . | . . Average Slot Usage (%) 90 | . 90 Engine 6 | . 6 Core 6 | . 6 Treads 21 | . 21 Device 9 | . 9 Storage 13 | . 13 Processor 3 | . 3 Energy Gun 12 | . 12 Ballistic Gun 12 | . 12 Special Weapon 1 | . 1 Peak Build Rating 9 | 7 9 Average Rating 7 | 6 7 On Entrance 3 | . 7 Naked Turns . | . . Heaviest Build 49 | 14 49 Greatest Support 40 | 40 40 Greatest Overweight (x) 14 | 4 14 Average Overweight (x) . | . . Largest Inventory Capacity 20 | 8 20 Average Capacity 10 | 6 11 Most Carried 5 | 3 5 Average Carried 2 | 2 3 Final Capacity 5 | 5 5 Final Carried 5 | 3 5 Class Distribution -------------------- 100% | Mutant Dominant Class ---------------- Mutant | -10/Materials Resources | -11 -10 ----------- Run | Yrd Mat Matter Collected 533 | 377 156 Remotely 322 | 285 37 Salvage Created 780 | 282 498 Parts 56 | 24 32 Haulers Intercepted . | . . Recyclers Shooed . | . . Parts Field Recycled . | . . Retrieved Matter . | . . Parts Self-Destructed . | . . Prevented . | . . Kills | -11 -10 ------- Run | Yrd Mat Combat Hostiles Destroyed 10 | . 10 Guns 10 | . 10 Classes Destroyed 7 | 3 4 Worker 7 | 3 4 Builder 2 | . 2 Tunneler 5 | 5 . Recycler 1 | 1 . Mechanic 1 | . 1 Swarmer 3 | . 3 Grunt 7 | . 7 Best Kill Streak 2 | 2 2 Combat Bots Only 2 | . 2 Max Kills in Single Turn 1 | 1 1 Gunslinging . | . . Exploded . | . . Melee . | . . Uniques/NPCs Destroyed . | . . Combat | -11 -10 -------- Run | Yrd Mat Hostile Shots Fired 109 | . 109 Missed 22 | . 22 Hits 87 | . 87 Projectile 87 | . 87 Critical Strikes 1 | . 1 Damage Taken 959 | . 959 Core 250 | . 250 Absorbed by Shields . | . . Core Remaining (%) 100 | 100 . Volleys Fired 104 | 27 77 Largest 2 | 2 2 Hottest 150 | 150 150 Shots Fired 173 | 42 131 Gun 163 | 36 127 Cannon . | . . Launcher . | . . Special 10 | 6 4 Kinetic 76 | 9 67 Thermal 97 | 33 64 Explosive . | . . Electromagnetic . | . . Robot Hit Streak 9 | 4 9 Robot Miss Streak 8 | 3 8 Penetration Max . | . . Secondary Targets 1 | . 1 Max Gunslinging Chain 1 | . 1 Shots Hit Robots 104 | 20 84 Core Hits 45 | 12 33 Critical Kills . | . . Critical Parts Destroyed 1 | . 1 Critical Strikes 12 | 5 7 Burn 11 | 5 6 Destroy 1 | . 1 Melee Attacks . | . . Impact . | . . Slashing . | . . Piercing . | . . Sneak Attacks . | . . Combat Hostiles . | . . Follow-up Attacks . | . . Damage Inflicted 1105 | 242 863 Guns 1081 | 218 863 Cannons . | . . Explosions . | . . Melee . | . . Ramming . | . . Kinetic 410 | 33 377 Thermal 695 | 209 486 Explosive . | . . Electromagnetic . | . . Impact . | . . Slashing . | . . Piercing . | . . Highest Corruption 1 | . 1 Average Corruption 1 | . 1 Corruption Purged . | . . Corruption Blocked . | . . Effects 2 | . 2 Matter Fused 2 | . 2 Overload Shots . | . . Overflow Damage . | . . Projectiles . | . . Explosions . | . . Melee . | . . Knockbacks . | . . Impact . | . . Kinetic . | . . Secondary . | . . Self-Inflicted Damage . | . . Shots . | . . Rammed . | . . Targets Rammed . | . . Kicked . | . . Crushed . | . . Highest Temperature 296 | 142 296 Average Temperature 85 | 41 103 Received Heat Transfer 414 | . 414 Effects 2 | . 2 Energy Bleed 1 | . 1 Interference 1 | . 1 Siege Activations . | . . Martial Activations . | . . Shielding Activations . | . . Robots Disrupted . | . . Combat Hostiles . | . . Robots Corrupted . | . . Combat Hostiles . | . . Parts Fried . | . . Impact Corruptions . | . . Robots Melted . | . . Combat Hostiles . | . . Parts Melted 4 | 1 3 Heat Transferred 2862 | 975 1887 Parts Sabotaged . | . . Parts Stolen . | . . Parts Stripped . | . . Power Chain Reactions . | . . Alert | -11 -10 ------- Run | Yrd Mat Maximum Alert Level . | . . Low Security (%) 100 | 100 100 Level 1 . | . . Level 2 . | . . Level 3 . | . . Level 4 . | . . Level 5 . | . . High Security . | . . Max Security . | . . Peak Influence 125 | 10 125 Initial . | . . Average 21 | 1 27 Influence Increases 386 | 45 341 Destroy 0b10 Robot/C 200 | . 200 Destroy 0b10 Robot/NC 80 | 45 35 Destroy Leader 50 | . 50 Successful Hack 11 | . 11 Disable Machine 15 | . 15 Lose Combat Pursuer 30 | . 30 Influence Decreases 381 | 45 336 Time Decay 341 | 45 296 Lost Part 40 | . 40 Squads Dispatched 1 | . 1 Investigation . | . . Extermination . | . . Reinforcement 1 | . 1 Assault . | . . Garrison . | . . Intercept . | . . Searches Triggered . | . . Construction Impeded . | . . Haulers Reinforced . | . . Active Scanning Responses . | . . Cargo Convoy Interrupts . | . . Stealth | -11 -10 --------- Run | Yrd Mat Distress Signals 4 | . 4 Communications Jammed . | . . Distress Signals . | . . Times Spotted 28 | . 28 Peak Tracking Total 5 | . 5 Tactical Retreats 1 | . 1 Traps | -11 -10 ------- Run | Yrd Mat Traps Triggered 1 | . 1 Indirectly . | . . Trap Hack Attempts . | . . Triggered . | . . Disarmed . | . . Reprogrammed . | . . Reused . | . . Traps Extracted . | . . Installed . | . . Triggered . | . . Machines | -11 -10 ---------- Run | Yrd Mat Machines Disabled 1 | . 1 Max in Single Turn 1 | . 1 Machines Repaired . | . . Machines Dismantled . | . . Machines Sabotaged . | . . Overloaded Fab Kills . | . . Hacking | -11 -10 --------- Run | Yrd Mat Machines Accessed 2 | . 2 Terminals 2 | . 2 Fabricators . | . . Repair Stations . | . . Recycling Units . | . . Scanalyzers . | . . Garrison Access . | . . Total Hacks 7 | . 7 Successful 5 | . 5 Failed 2 | . 2 Catastrophic 1 | . 1 Database Lockouts . | . . Manual . | . . Terminals 7 | . 7 Fabricators . | . . Repair Stations . | . . Recycling Units . | . . Scanalyzers . | . . Garrison Access . | . . Terminal Hacks 5 | . 5 Prototype ID Bank 2 | . 2 Recycling Unit Index 1 | . 1 Alert Level 1 | . 1 Locate Traps 1 | . 1 Fabricator Hacks . | . . Repair Station Hacks . | . . Recycling Unit Hacks . | . . Scanalyzer . | . . Garrison Access Hacks . | . . Unauthorized Hacks . | . . Terminals . | . . Fabricators . | . . Repair Stations . | . . Recycling Units . | . . Scanalyzers . | . . Garrison Access . | . . Data Cores Recovered . | . . Used . | . . Hacking Detections 2 | . 2 Full Trace Events 2 | . 2 Feedback Events . | . . Feedback Blocked . | . . Robot Schematics Acquired . | . . Robots Built . | . . Authchips . | . . Time . | . . Total Robot Build Rating . | . . Part Schematics Acquired . | . . Parts Built . | . . Authchips . | . . Time . | . . Total Part Build Rating . | . . Parts Repaired . | . . Time . | . . Parts Recycled . | . . Recycled Matter . | . . Retrieved Matter . | . . Retrieved Components . | . . Parts Scanalyzed . | . . Part Schematics Acquired . | . . Parts Damaged . | . . Bothacking | -11 -10 ------------ Run | Yrd Mat Used RIF Installer . | . . Robots Hacked . | . . Non-combat . | . . Combat . | . . Robot Hacks Applied . | . . Relay Couplers Released . | . . Fabnet Peak Effective % . | . . Robots Rewired . | . . Allies Hacked . | . . Hacks Repelled . | . . Allies | -11 -10 -------- Run | Yrd Mat Total Allies . | . . Largest Group . | . . Highest-Rated Group . | . . Highest-Rated Ally . | . . Total Orders . | . . Ally Attacks . | . . Total Damage . | . . Kills . | . . Allies Corrupted . | . . Allies Melted . | . . Intel | -11 -10 ------- Run | Yrd Mat Active Infowar (turns) 332 | . 332 Structural 72 | . 72 Machine Analysis 260 | . 260 Robot Analysis Total . | . . Derelict Logs Recovered . | . . Drone Launches . | . . Drone Recoveries . | . . Exploration | -11 -10 ------------- Run | Yrd Mat Turns Passed 1450 | 353 1097 Spaces Moved 594 | 165 429 Core 16 | 15 1 Treads 552 | 150 402 Legs 14 | . 14 Wheels 12 | . 12 Hover . | . . Flight . | . . Fastest Speed 50 | 50 80 Average Speed 184 | 154 195 Slowest Speed 750 | 250 750 Overloaded Moves . | . . Propulsion Burnouts . | . . Robots Hopped . | . . Potential Cave-ins . | . . Cave-ins Triggered . | . . Exploration Rate (%) 28 | 7 49 Regions Visited 1 Branch Regions . Pre-discovered Areas . | . . Known Exits Taken . | . . Unknown Exits Taken 1 | 1 . Scrap Searched . | . . Spaces Dug . | . . Terrain Destroyed . | . . Melee . | . . Projectile . | . . AOE . | . . Terrain Rammed . | . . Walls Destroyed . | . . Machines Disabled . | . . Actions | -11 -10 --------- Run | Yrd Mat Total 768 | 209 559 Wait 38 | 3 35 Move 593 | 164 429 Hop . | . . Pick Up 2 | 2 . Fast Attach 16 | 8 8 Attach 5 | 2 3 Detach 8 | 3 5 Swap 1 | . 1 Drop 1 | . 1 Fire 104 | 27 77 Melee . | . . Ram . | . . Kick . | . . Crush . | . . Escape Stasis . | . . Rewire . | . . Trap . | . . Miscellaneous . | . . Route ------- -11/Scrapyard -10/Materials (discovered 1 exit: [*Mat]) History --------- Turn | Location | Event 5 | -11/Scrapyard | Discovered new exit (range 16) 354 | -11/Scrapyard | Entered Materials 355 | -10/Materials | Build established: Mutant 734 | -10/Materials | Discovered new exit (range 10) 1065 | -10/Materials | Lost 3 parts (1p1n1u) 1254 | -10/Materials | Derelicts attacked the area 1334 | -10/Materials | Core integrity fell below 50% 1436 | -10/Materials | Core integrity fell below 20% 1451 | -10/Materials | Destroyed by G-47 Trooper with Particle Gun Last Messages --------------- 01329_ G-47 Trooper suffers critical hit (Burn). 01338_ Med. Laser destroyed. 01338_ Critical hit (Burn: +37). 01340_ Lgt. Treads destroyed. 01341_ G-47 Trooper destroyed. 01358_ G-34 Mercenary destroyed. 01368_ K-01 Serf collects debris. 01369_ Acquired Aluminum Leg. 01370_ Acquired 33 matter. 01372_ K-01 Serf collects debris. 01384_ K-01 Serf destroyed. 01385_ Acquired 2 matter. 01420_ W-16 Scout sends out distress signal. 01432_ Lgt. Assault Rifle destroyed. 01434_ Acquired Wheel. 01435_ Acquired 10 matter. 01436_ Lgt. Ion Engine destroyed. 01438_ Acquired Wheel. 01440_ Extracted 10 matter. 01447_ Acquired Lgt. Armor Plating. Map ----- +----------------------------------------------------+ | ?????????????????????????????????????????????????? | | ??????? #??????????????????????????????????????? | | ??????? ??????????????????????????????????????? | | ??????# ??????????????????????????????????????? | | ####### ???????????????? ?????????????????? | | #??????????????##############??????????? | | #??????????? ??# #??????????? | | #??????????? ?# ! #??????????? | | # #??????????? ## #??????????? | | # ##?????? ## ## #????###???? | | # #?????? # # #?? + ??? | | #??"""? # " ###+########## # ??? | | +??"""? # "T # ######### # ??? | | #??"""? # # % *|* ! # ??? | | ] #?????? # # %%=%%! % + ??? | | #?????? ## ## =################ ??? | | """ #???????## ### ################# ??? | | """ !!! #######?## =%! ###???# #????? | | """ !!! # #?## * ##????# #????? | | % !!! T #### ####### #????? | | "" #### ####### #????? | | ^## #????? | | ########[ + #????? | | ######### ###########% ### ^## #????? | | T # # # #!%### ^## #????? | | # " # # @g ### ^## #????? | | # "" # # g# ## ##+#######????? | | # "" # # """ # ## #????????? | | # """ # < # """"" # ## T #????????? | | + "" # # """"" # ## ##+########???? | | ## # """ ##### """"" # ####### #???? | | # # """ #???# """ # % + #???? | | # # """ #???########### [ #### """ #???? | | # + " #????????######+###+##?# """"" #???? | | + # #????????# #?# """"" #???? | | ############????????# """ #?# """"" #???? | | #???????????????????# """"" #?# """ #???? | | #???????????????????# """"" !#?# #???? | | ????????????????????# """"" #?###########???? | | #????????????????????# """ #???????????????? | | ?????????????????????# #???????????????? | | ?????????????????????#############???????????????? | | | | | | | | | | | | | | | | | +----------------------------------------------------+ Best States ------------- Heat Dissipation 25 Energy Generation 14 Energy Capacity 250 Matter Stores 400 Matter Capacity 400 Sight Range 16 Terrain Scan Density 10 Armor Coverage 150 Evasion (%) 50 Recoil Reduction 2 Item Schematics ----------------- None Robot Schematics ------------------ None Fabricated ------------ Nothing Repaired ---------- Nothing Alien Tech Used ----------------- None Achievements -------------- None Challenges ------------ None Game ------ Seed MassMasterShotgun Manual? 0 Play Time 00:12:47 Cumulative 13.2 hours Start 2025.10.18 @ 20:52:44 End 2025.10.18 @ 21:11:13 Sessions 1 Manual Loads 0 Difficulty Rogue Special Mode None Game No. 28 Rogue 28 Adventurer 0 Explorer 0 Win Type - Total 0 Types 0/0/0/0/0/0/0/0/0/0 Lore% 3 Gallery% 19 Achievement% 17 Wizard Run 0 Options --------- Layout 0 ASCII 0 Keyboard 1 Movement Numpad Keybinds 0 Fullscreen 2 Font 20/Terminus Map View 96x60 Zoom Use 0% Tactical HUD 1 Map Filters NONE Filters NONE Steam 1 RUN: 210baadf-4337-478f-864f-0dcb4f256b9f